AoeStats
← 伐木人

Arabia

510739467Analyzed
3v3 RM · 12h ago on Oct 2, 2026· 72m 41s· 6 players
Game mode
Random Map
Map size
Normal (6 player)
Population
200
Speed
Normal
Resources
Standard
Victory
Conquest
Starting age
Dark Age
Ending age
Imperial Age
RankedLock teamsTeams togetherTeam positionsShared explorationLock speedFull tech treeHidden civsTurbo modeCheats
Victory
Defeat
🇮🇳 Dravidians · India
873
+14
🇨🇳 Cumans · China
857
+14
🇵🇭 Varangians · Philippines
822
+16
🇹🇷 Ethiopians · Türkiye
829
-15
🇹🇷 Saracens · Türkiye
826
-15
🇹🇷 Franks · Türkiye
802
-14
°
Nagazuki
11:04 Feudal Age
10:50 Loom
11:36 Double-Bit Axe
25:05 Castle Age
24:46 Fletching
28:21 Squires
30:12 Forging
30:27 Horse Collar
31:10 Scale Mail Armor
31:53 Arson
34:14 Iron Casting
33:56 Gambesons
35:48 Chain Mail Armor
50:08 Imperial Age
51:03 Elite Varangian Guard
52:07 Conscription
52:16 Pikeman
53:48 Wheelbarrow
54:23 Blast Furnace
55:07 Gothikon
56:23 Plate Mail Armor
59:28 Husbandry
59:39 Bloodlines
64:31 Halberdier
伐木人
5:24 Loom
10:03 Feudal Age
9:46 Loom
10:48 Double-Bit Axe
11:46 Wheelbarrow
19:37 Man-at-Arms
22:26 Castle Age
20:34 Horse Collar
21:08 Man-at-Arms
21:34 Arson
22:29 Long Swordsman
23:40 Squires
25:11 Heavy Plow
26:50 Forging
28:39 Iron Casting
28:55 Scale Barding Armor
31:58 Capped Ram
33:30 Bow Saw
36:53 Hand Cart
71:20 Pikeman
Senickhe55
0:39 Loom
12:46 Feudal Age
13:14 Double-Bit Axe
14:06 Wheelbarrow
18:41 Scale Barding Armor
22:07 Forging
22:39 Gold Mining
22:41 Stone Mining
27:38 Castle Age
28:29 Bow Saw
28:25 Husbandry
29:53 Hand Cart
38:36 Imperial Age
37:05 Iron Casting
37:18 Chain Barding Armor
37:47 Ballistics
37:07 Treadmill Crane
37:40 Ordonnance Companies
39:03 Masonry
38:49 Murder Holes
40:39 Blast Furnace
40:38 Plate Barding Armor
40:23 Chivalry
42:14 Cavalier
46:04 Paladin
55:00 Conscription
55:17 Hoardings
61:25 Chemistry
BLZ-Chelios-
4:03 Loom
11:10 Feudal Age
13:05 Double-Bit Axe
14:57 Scale Barding Armor
17:26 Forging
22:05 Gold Mining
25:21 Castle Age
30:08 Bloodlines
33:41 Chain Barding Armor
36:28 Husbandry
38:24 Light Cavalry
51:39 Fletching
51:50 Padded Archer Armor
55:21 Thumb Ring
56:18 Gold Shaft Mining
55:37 Crossbowman
yuzika
5:37 Loom
10:35 Feudal Age
11:17 Double-Bit Axe
14:14 Horse Collar
15:02 Padded Archer Armor
15:32 Fletching
17:46 Wheelbarrow
22:24 Castle Age
20:33 Gold Mining
21:54 Town Watch
22:32 Crossbowman
23:34 Leather Archer Armor
27:30 Stone Mining
27:54 Bow Saw
28:24 Bodkin Arrow
32:05 Hand Cart
32:22 Thumb Ring
32:37 Town Patrol
65:40 Imperial Age
65:45 Arbalester
69:24 Two-Man Saw
Connection lost

Rejoining the realm…

Still unreachable

The connection could not be restored.

Session expired

The server has moved on; the page needs a fresh start.